Bruins vs Predators
Created - 18 février 2014 at 22:23
Goals
|
| Bruins |
1 |
2 |
1 |
4 |
| Predators |
0 |
1 |
1 |
2 |
|
Shots
|
| Bruins |
8 |
7 |
2 |
17 |
| Predators |
8 |
6 |
6 |
20 |
|
1st period
1. Bruins , Victor Oreskovich 12 (Matt Cooke) at 14:46
Penalties :
Jean-Pierre Dumont (Nas) for Roughing (Minor) at 0:45, Richard Lintner (Bos) for Hooking (Minor) at 11:23
2nd period
2. Bruins , Daniel Briere 38 (Wojtek Wolski, Zdeno Chara) at 2:03
3. Bruins , Martin Erat 9 (Michal Grosek, Zdeno Chara) at 7:36
4. Predators , Joe Thornton 35 (Robyn Regehr) at 15:31 (SH)
Penalties :
Kurtis Foster (Nas) for Goalie Interference (Minor) at 4:34, Eric Lindros (Bos) for Tripping (Minor) at 8:02, Oleg Saprykin (Nas) for Hooking (Minor) at 11:32, Alexander Edler (Nas) for Tripping (Minor) at 15:20, Kurtis Foster (Nas) for Hooking (Minor) at 18:48
3rd period
5. Bruins , Eric Lindros 36 (Mark Stuart, Wojtek Wolski) at 7:21
6. Predators , Mikael Samuelsson 8 (Alexander Steen, Rob Niedermayer) at 13:02
Penalties :
Mike Ribeiro (Nas) for Tripping (Minor) at 1:38, Alexander Ovechkin (Nas) for Roughing (Minor) at 7:24, Zdeno Chara (Bos) for Tripping (Minor) at 13:49
Goalie Stats
Dan Cloutier (Bos), 18 saves from 20 shots - (0,900), W, 6-3-1, 60:00 minutes
Josh Tordjman (Nas), 13 saves from 17 shots - (0,765), L, 6-10-1, 47:21 minutes
Rick DiPietro (Nas), 0 saves from 0 shots - (0,000), 12:39 minutes
Players Stats for Bruins
Player Name G A P +/- PIM S H SB GA TA FO MP PP MP PK MP
------------------------------------------------------------------------------------
Andrew Alberts 0 0 0 1 0 0 2 2 0 2 0/0 27:15 7:15 3:42
Christoph Schubert 0 0 0 0 0 0 1 0 0 0 0/0 10:46 0:32 0:16
Daniel Briere 1 0 1 0 0 4 1 0 1 0 0/1 21:28 7:14 1:09
Dave Bolland 0 0 0 1 0 2 1 0 1 0 1/4 10:51 0:00 0:55
Eric Lindros 1 0 1 0 2 1 0 0 0 1 6/26 22:10 7:22 1:40
Éric Perrin 0 0 0 1 0 0 2 0 0 0 2/4 9:24 0:00 2:16
Jeff Carter 0 0 0 0 0 2 3 0 1 0 6/8 16:07 6:27 0:00
Mark Stuart 0 1 1 2 0 0 2 1 0 0 0/0 13:36 0:00 2:28
Martin Erat 1 0 1 1 0 2 0 0 0 0 0/0 7:48 0:12 0:00
Matt Cooke 0 1 1 1 0 0 2 0 1 0 0/0 11:49 0:00 1:45
Michal Grosek 0 1 1 1 0 0 0 0 0 0 0/0 7:16 0:00 0:08
Richard Lintner 0 0 0 -1 2 0 1 0 0 1 0/0 18:35 6:07 1:34
Ryan O'Byrne 0 0 0 1 0 0 1 1 0 0 0/0 24:50 6:07 3:17
Scott Hartnell 0 0 0 0 0 2 4 0 0 1 0/0 17:05 6:27 1:09
Victor Oreskovich 1 0 1 1 0 1 1 0 1 0 0/0 11:05 0:26 0:00
Vitali Yachmenev 0 0 0 0 0 0 3 1 0 0 0/0 15:47 6:27 0:00
Wojtek Wolski 0 2 2 0 0 1 2 0 1 1 2/4 22:41 7:03 2:52
Zdeno Chara 0 2 2 1 2 2 3 1 0 2 0/0 25:27 7:46 0:37
Players Stats for Predators
Player Name G A P +/- PIM S H SB GA TA FO MP PP MP PK MP
------------------------------------------------------------------------------------
Alexander Edler 0 0 0 0 2 2 0 3 4 1 0/0 22:49 2:56 5:43
Alexander Ovechkin 0 0 0 1 2 1 2 0 1 0 1/1 21:33 2:52 6:14
Alexander Steen 0 1 1 -1 0 0 0 0 0 0 1/1 14:36 3:05 1:42
Barret Jackman 0 0 0 -2 0 0 1 0 0 1 0/0 8:57 0:00 0:22
Jean-Pierre Dumont 0 0 0 -2 2 2 0 0 0 0 0/0 17:39 2:55 0:00
Joe Thornton 1 0 1 1 0 2 2 0 1 1 13/21 23:53 2:52 8:04
Keith Tkachuk 0 0 0 -1 0 4 1 1 0 1 0/0 12:42 0:00 0:15
Kent Huskins 0 0 0 -1 0 2 0 0 0 0 0/0 13:39 0:00 3:44
Kurtis Foster 0 0 0 0 4 2 1 1 0 0 0/0 19:08 3:01 4:20
Michael Grabner 0 0 0 0 0 0 0 0 0 1 3/4 14:54 2:45 0:00
Mikael Samuelsson 1 0 1 -1 0 2 4 1 0 1 0/0 11:15 0:10 0:00
Mike Ribeiro 0 0 0 -2 2 1 1 0 0 0 8/15 19:35 2:55 2:07
Nick Boynton 0 0 0 -1 0 0 1 0 0 0 0/0 5:13 0:00 0:00
Oleg Saprykin 0 0 0 -1 2 0 0 1 0 0 0/0 13:37 0:17 4:59
Paul Mara 0 0 0 -1 0 0 1 0 0 0 0/0 5:13 0:00 0:00
Rob Niedermayer 0 1 1 -1 0 1 0 1 0 0 4/5 15:47 0:00 4:22
Robyn Regehr 0 1 1 1 0 1 0 1 2 0 0/0 23:23 2:56 6:53
Ryan Mcdonagh 0 0 0 0 0 0 1 2 0 0 0/0 22:07 3:01 6:47
3 Stars
1 - Joe Thornton (Nas)
2 - Victor Oreskovich (Bos)
3 - Mark Stuart (Bos)
Power Play
Bruins - 0 on 7 Attempt(s) - 0,00%
Predators - 0 on 3 Attempt(s) - 0,00%
Penalty Kill
Bruins - 3 on 3 Attempt(s) - 100,00%
- Score 0 goal in Penalty Kill
Predators - 7 on 7 Attempt(s) - 100,00%
- Score 1 goal in Penalty Kill
Official
Referees : Morton Dean and Marouelli Dan
Linesman : Brian Mach and Tony Sericolo
Game Notes
Rick DiPietro enters game at 7:21 of 3rd period
Finance
Level 1 -- Attendance: 5287 (88,12%) -- Ticket Income 459 969 $
Level 2 -- Attendance: 4372 (87,44%) -- Ticket Income 222 972 $
Level 3 -- Attendance: 2000 (100,00%) -- Ticket Income 62 000 $
Level 4 -- Attendance: 3011 (75,28%) -- Ticket Income 63 231 $
Luxury Box -- Attendance: 859 (85,90%) -- Ticket Income 145 171 $
Game was played at the Wildcat center
Total Attendance: 15529 (86,27%)
Total Ticket Income: 953 343 $
Other Income: 143 001 $
Total Income: 1 096 344 $
Bruins
5 vs 5 Forward
Center Left Wing Right Wing Time % Phy DF OF
1 Eric Lindros Wojtek Wolski Daniel Briere 40 0 2 3
2 Jeff Carter Scott Hartnell Vitali Yachmenev 30 1 2 2
3 Dave Bolland Matt Cooke Victor Oreskovich 20 1 2 2
4 Éric Perrin Michal Grosek Martin Erat 10 1 2 2
5 vs 5 Defense
Defense Defense Time % Phy DF OF
1 Andrew Alberts Zdeno Chara 40 1 2 2
2 Mark Stuart Ryan O'Byrne 30 1 2 2
3 Christoph Schubert Richard Lintner 20 1 2 2
4 Ryan O'Byrne Zdeno Chara 10 1 2 2
PowerPlay Forward
Center Left Wing Right Wing Time % Phy DF OF
1 Eric Lindros Wojtek Wolski Daniel Briere 60 1 2 2
2 Jeff Carter Scott Hartnell Vitali Yachmenev 40 1 2 2
PowerPlay Defense
Defense Defense Time % Phy DF OF
1 Andrew Alberts Zdeno Chara 60 1 2 2
2 Ryan O'Byrne Richard Lintner 40 1 2 2
Penalty Kill 4 Players Forward
Center Wing Time % Phy DF OF
1 Eric Lindros Wojtek Wolski 60 1 2 2
2 Daniel Briere Scott Hartnell 40 1 2 2
Penalty Kill 4 Players Defense
Defense Defense Time % Phy DF OF
1 Andrew Alberts Ryan O'Byrne 60 1 2 2
2 Mark Stuart Richard Lintner 40 1 2 2
Penalty Kill - 3 Players Forward
Forward Time % Phy DF OF
1 Eric Lindros 60 1 2 2
2 Wojtek Wolski 40 1 2 2
Penalty Kill - 3 Players Defense
Defense Defense Time % Phy DF OF
1 Andrew Alberts Ryan O'Byrne 60 1 2 2
2 Mark Stuart Richard Lintner 40 1 2 2
4 vs 4 Forward
Center Wing Time % Phy DF OF
1 Eric Lindros Wojtek Wolski 60 1 2 2
2 Daniel Briere Scott Hartnell 40 1 2 2
4 vs 4 Defense
Defense Defense Time % Phy DF OF
1 Andrew Alberts Ryan O'Byrne 60 1 2 2
2 Mark Stuart Zdeno Chara 40 1 2 2
Last Minutes Offensive
Center Left Wing Right Wing Defense Defense
Eric Lindros Wojtek Wolski Daniel Briere Andrew Alberts Zdeno Chara
Last Minutes Defensive
Center Left Wing Right Wing Defense Defense
Eric Lindros Wojtek Wolski Daniel Briere Andrew Alberts Ryan O'Byrne
Goaltenders
Starting : Dan Cloutier
Backup : Evgeni Nabokov
Extra Forwards
Normal : Victor Oreskovich, Martin Erat, Jeff Carter - PP : Victor Oreskovich, Martin Erat - PK : Éric Perrin
Extra Defensemen
Normal : Christoph Schubert, Zdeno Chara, Mark Stuart - PP : Christoph Schubert - PK : Zdeno Chara, Mark Stuart
Penalty Shots
Eric Lindros, Wojtek Wolski, Daniel Briere, Jeff Carter, Scott Hartnell
Predators
5 vs 5 Forward
Center Left Wing Right Wing Time % Phy DF OF
1 Joe Thornton Alexander Ovechkin Michael Grabner 40 1 2 2
2 Mike Ribeiro Keith Tkachuk Jean-Pierre Dumont 30 1 2 2
3 Rob Niedermayer Alexander Steen Mikael Samuelsson 20 1 2 2
4 Mike Ribeiro Oleg Saprykin Jean-Pierre Dumont 10 1 2 2
5 vs 5 Defense
Defense Defense Time % Phy DF OF
1 Alexander Edler Robyn Regehr 36 1 2 2
2 Kurtis Foster Ryan Mcdonagh 34 1 2 2
3 Barret Jackman Kent Huskins 18 1 2 2
4 Paul Mara Nick Boynton 12 1 2 2
PowerPlay Forward
Center Left Wing Right Wing Time % Phy DF OF
1 Joe Thornton Alexander Ovechkin Michael Grabner 50 1 2 2
2 Mike Ribeiro Alexander Steen Jean-Pierre Dumont 50 1 2 2
PowerPlay Defense
Defense Defense Time % Phy DF OF
1 Alexander Edler Robyn Regehr 50 1 2 2
2 Kurtis Foster Ryan Mcdonagh 50 1 2 2
Penalty Kill 4 Players Forward
Center Wing Time % Phy DF OF
1 Joe Thornton Alexander Ovechkin 50 1 2 2
2 Joe Thornton Oleg Saprykin 50 1 2 2
Penalty Kill 4 Players Defense
Defense Defense Time % Phy DF OF
1 Alexander Edler Robyn Regehr 50 1 2 2
2 Kurtis Foster Ryan Mcdonagh 50 1 2 2
Penalty Kill - 3 Players Forward
Forward Time % Phy DF OF
1 Alexander Ovechkin 50 1 2 2
2 Joe Thornton 50 1 2 2
Penalty Kill - 3 Players Defense
Defense Defense Time % Phy DF OF
1 Alexander Edler Robyn Regehr 50 1 2 2
2 Kurtis Foster Ryan Mcdonagh 50 1 2 2
4 vs 4 Forward
Center Wing Time % Phy DF OF
1 Joe Thornton Alexander Ovechkin 50 1 2 2
2 Mike Ribeiro Oleg Saprykin 50 1 2 2
4 vs 4 Defense
Defense Defense Time % Phy DF OF
1 Alexander Edler Robyn Regehr 50 1 2 2
2 Kurtis Foster Ryan Mcdonagh 50 1 2 2
Last Minutes Offensive
Center Left Wing Right Wing Defense Defense
Joe Thornton Alexander Ovechkin Michael Grabner Alexander Edler Kurtis Foster
Last Minutes Defensive
Center Left Wing Right Wing Defense Defense
Joe Thornton Alexander Ovechkin Jean-Pierre Dumont Ryan Mcdonagh Robyn Regehr
Goaltenders
Starting : Josh Tordjman
Backup : Rick DiPietro
Extra Forwards
Normal : Alexander Steen, Oleg Saprykin, Rob Niedermayer - PP : Alexander Steen, Oleg Saprykin - PK : Rob Niedermayer
Extra Defensemen
Normal : Barret Jackman, Ryan Mcdonagh, Kent Huskins - PP : Barret Jackman - PK : Kent Huskins, Ryan Mcdonagh
Penalty Shots
Alexander Ovechkin, Joe Thornton, Mike Ribeiro, Michael Grabner, Alexander Steen
% Time on Ice - Bruins
Lines # - Real PCT - Wanted PCT - Time Play
Normal Forward
1 - 34% - 40% - 13:49
2 - 24% - 30% - 9:29
3 - 25% - 20% - 9:56
4 - 17% - 10% - 6:56
Normal Defense
1 - 41% - 40% - 16:21
2 - 34% - 30% - 13:37
3 - 21% - 20% - 8:38
4 - 4% - 10% - 1:34
PP Forward
1 - 54% - 60% - 7:26
2 - 46% - 40% - 6:27
PP Defense
1 - 56% - 60% - 7:46
2 - 44% - 40% - 6:07
PK Forward
1 - 81% - 60% - 4:48
2 - 19% - 40% - 1:09
PK Defense
1 - 54% - 60% - 3:13
2 - 46% - 40% - 2:44
PK3 Forward
1 - 0% - 60%
2 - 0% - 40%
PK3 Defense
1 - 0% - 60%
2 - 0% - 40%
44 Forward
1 - 0% - 60%
2 - 0% - 40%
44 Defense
1 - 0% - 60%
2 - 0% - 40%
Last Minute Offensive - 0:00
Last Minute Defensive - 0:00
Total
Forward - 60:00
Defense - 60:00
|
% Time on Ice - Predators
Lines # - Real PCT - Wanted PCT - Time Play
Normal Forward
1 - 32% - 40% - 12:46
2 - 36% - 30% - 14:26
3 - 23% - 20% - 9:25
4 - 9% - 10% - 3:33
Normal Defense
1 - 34% - 36% - 13:34
2 - 32% - 34% - 12:48
3 - 21% - 18% - 8:35
4 - 13% - 12% - 5:13
PP Forward
1 - 48% - 50% - 2:52
2 - 52% - 50% - 3:05
PP Defense
1 - 49% - 50% - 2:56
2 - 51% - 50% - 3:01
PK Forward
1 - 51% - 50% - 7:08
2 - 49% - 50% - 6:45
PK Defense
1 - 50% - 50% - 6:53
2 - 50% - 50% - 7:00
PK3 Forward
1 - 0% - 50%
2 - 0% - 50%
PK3 Defense
1 - 0% - 50%
2 - 0% - 50%
44 Forward
1 - 0% - 50%
2 - 0% - 50%
44 Defense
1 - 0% - 50%
2 - 0% - 50%
Last Minute Offensive - 0:00
Last Minute Defensive - 0:00
Total
Forward - 60:00
Defense - 60:00
|
Play by Play
1st period
0:01 of 1st period - Joe Thornton wins face-off versus Daniel Briere in neutral zone.
0:26 of 1st period - Robyn Regehr is hit by Vitali Yachmenev and loses puck.
0:33 of 1st period - Slapshot by Scott Hartnell.
0:33 of 1st period - Stopped by Josh Tordjman with a rebound.
0:35 of 1st period - Slapshot by Ryan O'Byrne.
0:35 of 1st period - Shot Misses the Net.
0:37 of 1st period - Wrist shot by Ryan O'Byrne.
0:37 of 1st period - Shot Misses the Net.
0:39 of 1st period - Snap shot by Vitali Yachmenev.
0:39 of 1st period - Shot Misses the Net.
0:45 of 1st period - Minor Penalty to Jean-Pierre Dumont for Roughing.
0:46 of 1st period - Eric Lindros wins face-off versus Joe Thornton in Predators zone.
1:04 of 1st period - Slapshot by Joe Thornton.
1:04 of 1st period - Shot Misses the Net.
1:16 of 1st period - Alexander Ovechkin is hit by Jeff Carter and loses puck.
1:27 of 1st period - Wrist shot by Scott Hartnell.
1:27 of 1st period - Shot Misses the Net.
2:45 of 1st period - Penalty to Jean-Pierre Dumont is over, Jean-Pierre Dumont is back on ice.
2:53 of 1st period - Snap shot by Jean-Pierre Dumont.
2:53 of 1st period - Stopped by Dan Cloutier with a rebound.
3:15 of 1st period - Slapshot by Mikael Samuelsson.
3:15 of 1st period - Shot Blocked by Ryan O'Byrne.
3:17 of 1st period - Slapshot by Kurtis Foster.
3:17 of 1st period - Deflect By Ryan O'Byrne.
3:17 of 1st period - Stopped by Dan Cloutier with a rebound.
3:19 of 1st period - Slapshot by Kurtis Foster.
3:19 of 1st period - Stopped by Dan Cloutier without a rebound.
3:20 of 1st period - Alexander Steen wins face-off versus Éric Perrin in Bruins zone.
3:29 of 1st period - Wrist shot by Mikael Samuelsson.
3:29 of 1st period - Stopped by Dan Cloutier with a rebound.
3:31 of 1st period - Snap shot by Kent Huskins.
3:31 of 1st period - Stopped by Dan Cloutier with a rebound.
3:33 of 1st period - Slapshot by Kent Huskins.
3:33 of 1st period - Stopped by Dan Cloutier with a rebound.
3:35 of 1st period - Snap shot by Alexander Steen.
3:35 of 1st period - Shot Misses the Net.
3:45 of 1st period - Wrist shot by Jean-Pierre Dumont.
3:45 of 1st period - Shot Misses the Net.
4:21 of 1st period - Slapshot by Daniel Briere.
4:21 of 1st period - Shot Blocked by Rob Niedermayer.
4:25 of 1st period - Wrist shot by Jeff Carter.
4:25 of 1st period - Shot Misses the Net.
4:27 of 1st period - Snap shot by Zdeno Chara.
4:27 of 1st period - Shot Misses the Net.
4:29 of 1st period - Snap shot by Scott Hartnell.
4:29 of 1st period - Shot Blocked by Robyn Regehr.
5:29 of 1st period - Off-side.
5:30 of 1st period - Mike Ribeiro wins face-off versus Dave Bolland in neutral zone.
5:36 of 1st period - Off-side.
5:37 of 1st period - Rob Niedermayer wins face-off versus Eric Lindros in neutral zone.
6:02 of 1st period - Ryan Mcdonagh is hit by Scott Hartnell and loses puck.
6:22 of 1st period - Icing by Keith Tkachuk.
6:23 of 1st period - Mike Ribeiro wins face-off versus Dave Bolland in Predators zone.
6:37 of 1st period - Robyn Regehr is hit by Zdeno Chara and loses puck.
7:36 of 1st period - Slapshot by Keith Tkachuk.
7:36 of 1st period - Stopped by Dan Cloutier without a rebound.
7:37 of 1st period - Joe Thornton wins face-off versus Eric Lindros in Bruins zone.
8:20 of 1st period - Rob Niedermayer is hit by Scott Hartnell and loses puck.
8:29 of 1st period - Backhand shot by Jeff Carter.
8:29 of 1st period - Shot Blocked by Kurtis Foster.
8:35 of 1st period - Snap shot by Jeff Carter.
8:35 of 1st period - Shot Blocked by Ryan Mcdonagh.
8:43 of 1st period - Wrist shot by Scott Hartnell.
8:43 of 1st period - Shot Misses the Net.
8:45 of 1st period - Slapshot by Richard Lintner.
8:45 of 1st period - Shot Misses the Net.
8:47 of 1st period - Snap shot by Scott Hartnell.
8:47 of 1st period - Shot Misses the Net.
8:49 of 1st period - Snap shot by Jeff Carter.
8:49 of 1st period - Stopped by Josh Tordjman without a rebound.
8:50 of 1st period - Michael Grabner wins face-off versus Eric Lindros in Predators zone.
9:22 of 1st period - Jean-Pierre Dumont is hit by Éric Perrin.
11:05 of 1st period - Richard Lintner is hit by Joe Thornton.
11:23 of 1st period - Minor Penalty to Richard Lintner for Hooking.
11:24 of 1st period - Eric Lindros wins face-off versus Joe Thornton in Bruins zone.
13:22 of 1st period - Oleg Saprykin is hit by Christoph Schubert and loses puck.
13:23 of 1st period - Penalty to Richard Lintner is over, Richard Lintner is back on ice.
13:47 of 1st period - Snap shot by Mikael Samuelsson.
13:47 of 1st period - Deflect By Keith Tkachuk.
13:47 of 1st period - Stopped by Dan Cloutier without a rebound.
13:48 of 1st period - Jeff Carter wins face-off versus Rob Niedermayer in Bruins zone.
14:46 of 1st period - Slapshot by Victor Oreskovich.
14:46 of 1st period - Goal by Victor Oreskovich - Bruins : 1 - Predators : 0.
14:47 of 1st period - Eric Lindros wins face-off versus Joe Thornton in neutral zone.
14:50 of 1st period - Alexander Ovechkin is hit by Zdeno Chara.
14:53 of 1st period - Off-side.
14:54 of 1st period - Wojtek Wolski wins face-off versus Joe Thornton in neutral zone.
14:59 of 1st period - Snap shot by Daniel Briere.
14:59 of 1st period - Stopped by Josh Tordjman with a rebound.
15:01 of 1st period - Wrist shot by Wojtek Wolski.
15:01 of 1st period - Shot Misses the Net.
15:03 of 1st period - Wrist shot by Daniel Briere.
15:03 of 1st period - Stopped by Josh Tordjman with a rebound.
15:19 of 1st period - Alexander Ovechkin is hit by Matt Cooke and loses puck.
15:28 of 1st period - Wrist shot by Matt Cooke.
15:28 of 1st period - Shot Misses the Net.
15:30 of 1st period - Slapshot by Dave Bolland.
15:30 of 1st period - Stopped by Josh Tordjman with a rebound.
15:32 of 1st period - Snap shot by Victor Oreskovich.
15:32 of 1st period - Deflect By Dave Bolland.
15:32 of 1st period - Stopped by Josh Tordjman with a rebound.
16:02 of 1st period - Rob Niedermayer is hit by Ryan O'Byrne and loses puck.
16:41 of 1st period - Matt Cooke is hit by Mikael Samuelsson and loses puck.
17:18 of 1st period - Daniel Briere is hit by Nick Boynton and loses puck.
18:51 of 1st period - Slapshot by Zdeno Chara.
18:51 of 1st period - Stopped by Josh Tordjman with a rebound.
18:53 of 1st period - Backhand shot by Scott Hartnell.
18:53 of 1st period - Shot Blocked by Alexander Edler.
18:55 of 1st period - Wrist shot by Scott Hartnell.
18:55 of 1st period - Shot Blocked by Keith Tkachuk.
18:57 of 1st period - Snap shot by Jeff Carter.
18:57 of 1st period - Shot Misses the Net.
18:59 of 1st period - Snap shot by Scott Hartnell.
18:59 of 1st period - Shot Misses the Net.
19:01 of 1st period - Slapshot by Vitali Yachmenev.
19:01 of 1st period - Shot Blocked by Mikael Samuelsson.
19:03 of 1st period - Snap shot by Andrew Alberts.
19:03 of 1st period - Shot Blocked by Oleg Saprykin.
Goals for this period are 1 for Bruins vs 0 for Predators.
Shots for this period are 8 for Bruins vs 8 for Predators.
2nd period
0:01 of 2nd period - Joe Thornton wins face-off versus Wojtek Wolski in neutral zone.
0:25 of 2nd period - Jeff Carter is hit by Mike Ribeiro and loses puck.
0:30 of 2nd period - Slapshot by Alexander Edler.
0:30 of 2nd period - Stopped by Dan Cloutier with a rebound.
0:44 of 2nd period - Slapshot by Alexander Edler.
0:44 of 2nd period - Shot Misses the Net.
0:46 of 2nd period - Slapshot by Robyn Regehr.
0:46 of 2nd period - Stopped by Dan Cloutier with a rebound.
0:48 of 2nd period - Wrist shot by Rob Niedermayer.
0:48 of 2nd period - Stopped by Dan Cloutier without a rebound.
0:49 of 2nd period - Rob Niedermayer wins face-off versus Eric Lindros in Bruins zone.
1:16 of 2nd period - Vitali Yachmenev is hit by Ryan Mcdonagh and loses puck.
1:43 of 2nd period - Wrist shot by Martin Erat.
1:43 of 2nd period - Stopped by Josh Tordjman with a rebound.
1:59 of 2nd period - Slapshot by Daniel Briere.
1:59 of 2nd period - Shot Misses the Net.
2:03 of 2nd period - Snap shot by Daniel Briere.
2:03 of 2nd period - Goal by Daniel Briere - Bruins : 2 - Predators : 0.
2:04 of 2nd period - Joe Thornton wins face-off versus Eric Lindros in neutral zone.
2:30 of 2nd period - Mike Ribeiro is hit by Vitali Yachmenev and loses puck.
3:42 of 2nd period - Icing by Robyn Regehr.
3:43 of 2nd period - Jeff Carter wins face-off versus Mike Ribeiro in Predators zone.
3:44 of 2nd period - Snap shot by Scott Hartnell.
3:44 of 2nd period - Shot Misses the Net.
4:10 of 2nd period - Alexander Edler is hit by Wojtek Wolski and loses puck.
4:17 of 2nd period - Kurtis Foster is hit by Daniel Briere and loses puck.
4:34 of 2nd period - Minor Penalty to Kurtis Foster for Goalie Interference.
4:35 of 2nd period - Jeff Carter wins face-off versus Joe Thornton in Predators zone.
4:38 of 2nd period - Wrist shot by Scott Hartnell.
4:38 of 2nd period - Shot Misses the Net.
4:40 of 2nd period - Slapshot by Richard Lintner.
4:40 of 2nd period - Shot Blocked by Ryan Mcdonagh.
4:44 of 2nd period - Snap shot by Scott Hartnell.
4:44 of 2nd period - Stopped by Josh Tordjman without a rebound.
4:45 of 2nd period - Jeff Carter wins face-off versus Joe Thornton in Predators zone.
5:04 of 2nd period - Wrist shot by Jeff Carter.
5:04 of 2nd period - Shot Misses the Net.
5:06 of 2nd period - Slapshot by Jeff Carter.
5:06 of 2nd period - Stopped by Josh Tordjman without a rebound.
5:07 of 2nd period - Alexander Ovechkin wins face-off versus Eric Lindros in Predators zone.
6:34 of 2nd period - Penalty to Kurtis Foster is over, Kurtis Foster is back on ice.
6:52 of 2nd period - Slapshot by Victor Oreskovich.
6:52 of 2nd period - Shot Misses the Net.
7:08 of 2nd period - Icing by Michal Grosek.
7:09 of 2nd period - Éric Perrin wins face-off versus Mike Ribeiro in Bruins zone.
7:36 of 2nd period - Wrist shot by Martin Erat.
7:36 of 2nd period - Goal by Martin Erat - Bruins : 3 - Predators : 0.
7:37 of 2nd period - Michael Grabner wins face-off versus Eric Lindros in neutral zone.
7:44 of 2nd period - Wrist shot by Wojtek Wolski.
7:44 of 2nd period - Shot Misses the Net.
7:46 of 2nd period - Snap shot by Daniel Briere.
7:46 of 2nd period - Stopped by Josh Tordjman with a rebound.
7:48 of 2nd period - Snap shot by Zdeno Chara.
7:48 of 2nd period - Stopped by Josh Tordjman without a rebound.
7:49 of 2nd period - Joe Thornton wins face-off versus Eric Lindros in Predators zone.
7:49 of 2nd period - Joe Thornton is hit by Andrew Alberts.
8:02 of 2nd period - Minor Penalty to Eric Lindros for Tripping.
8:03 of 2nd period - Éric Perrin wins face-off versus Mike Ribeiro in Bruins zone.
8:29 of 2nd period - Robyn Regehr is hit by Andrew Alberts and loses puck.
8:51 of 2nd period - Jean-Pierre Dumont is hit by Wojtek Wolski.
10:02 of 2nd period - Penalty to Eric Lindros is over, Eric Lindros is back on ice.
10:29 of 2nd period - Slapshot by Alexander Edler.
10:29 of 2nd period - Shot Blocked by Andrew Alberts.
11:07 of 2nd period - Martin Erat is hit by Barret Jackman and loses puck.
11:32 of 2nd period - Minor Penalty to Oleg Saprykin for Hooking.
11:33 of 2nd period - Joe Thornton wins face-off versus Eric Lindros in Predators zone.
11:57 of 2nd period - Alexander Edler is hit by Scott Hartnell.
12:29 of 2nd period - Kurtis Foster is hit by Jeff Carter and loses puck.
13:32 of 2nd period - Penalty to Oleg Saprykin is over, Oleg Saprykin is back on ice.
13:53 of 2nd period - Kent Huskins is hit by Mark Stuart and loses puck.
15:20 of 2nd period - Minor Penalty to Alexander Edler for Tripping.
15:21 of 2nd period - Joe Thornton wins face-off versus Eric Lindros in Predators zone.
15:21 of 2nd period - Joe Thornton is hit by Richard Lintner.
15:31 of 2nd period - Snap shot by Joe Thornton.
15:31 of 2nd period - Goal by Joe Thornton - Bruins : 3 - Predators : 1.
15:32 of 2nd period - Joe Thornton wins face-off versus Eric Lindros in neutral zone.
15:43 of 2nd period - Wrist shot by Daniel Briere.
15:43 of 2nd period - Shot Misses the Net.
17:20 of 2nd period - Penalty to Alexander Edler is over, Alexander Edler is back on ice.
17:24 of 2nd period - Icing by Alexander Edler.
17:25 of 2nd period - Dave Bolland wins face-off versus Mike Ribeiro in Predators zone.
17:33 of 2nd period - Icing by Ryan Mcdonagh.
17:34 of 2nd period - Mike Ribeiro wins face-off versus Jeff Carter in Predators zone.
17:34 of 2nd period - Mike Ribeiro is hit by Jeff Carter.
17:44 of 2nd period - Wrist shot by Jean-Pierre Dumont.
17:44 of 2nd period - Shot Misses the Net.
17:46 of 2nd period - Slapshot by Jean-Pierre Dumont.
17:46 of 2nd period - Shot Blocked by Vitali Yachmenev.
17:52 of 2nd period - Slapshot by Keith Tkachuk.
17:52 of 2nd period - Stopped by Dan Cloutier without a rebound.
17:53 of 2nd period - Michael Grabner wins face-off versus Eric Lindros in Bruins zone.
18:22 of 2nd period - Icing by Jean-Pierre Dumont.
18:23 of 2nd period - Jeff Carter wins face-off versus Mike Ribeiro in Predators zone.
18:36 of 2nd period - Slapshot by Mike Ribeiro.
18:36 of 2nd period - Stopped by Dan Cloutier without a rebound.
18:37 of 2nd period - Wojtek Wolski wins face-off versus Joe Thornton in Bruins zone.
18:37 of 2nd period - Wojtek Wolski is hit by Alexander Ovechkin.
18:48 of 2nd period - Minor Penalty to Kurtis Foster for Hooking.
18:49 of 2nd period - Joe Thornton wins face-off versus Eric Lindros in Predators zone.
19:50 of 2nd period - Scott Hartnell is hit by Joe Thornton and loses puck.
Goals for this period are 2 for Bruins vs 1 for Predators.
Shots for this period are 7 for Bruins vs 6 for Predators.
3rd period
0:01 of 3rd period - Joe Thornton wins face-off versus Eric Lindros in neutral zone.
0:48 of 3rd period - Penalty to Kurtis Foster is over, Kurtis Foster is back on ice.
1:08 of 3rd period - Ryan O'Byrne is hit by Mikael Samuelsson and loses puck.
1:29 of 3rd period - Snap shot by Jean-Pierre Dumont.
1:29 of 3rd period - Shot Blocked by Zdeno Chara.
1:38 of 3rd period - Minor Penalty to Mike Ribeiro for Tripping.
1:39 of 3rd period - Joe Thornton wins face-off versus Eric Lindros in Predators zone.
3:38 of 3rd period - Penalty to Mike Ribeiro is over, Mike Ribeiro is back on ice.
4:06 of 3rd period - Wrist shot by Jean-Pierre Dumont.
4:06 of 3rd period - Stopped by Dan Cloutier without a rebound.
4:07 of 3rd period - Mike Ribeiro wins face-off versus Éric Perrin in Bruins zone.
4:32 of 3rd period - Andrew Alberts is hit by Mikael Samuelsson and loses puck.
4:55 of 3rd period - Slapshot by Eric Lindros.
4:55 of 3rd period - Deflect By Alexander Edler.
4:55 of 3rd period - Shot Misses the Net.
4:55 of 3rd period - Puck is out of play.
4:56 of 3rd period - Mike Ribeiro wins face-off versus Jeff Carter in Predators zone.
4:56 of 3rd period - Mike Ribeiro is hit by Vitali Yachmenev.
5:05 of 3rd period - Snap shot by Keith Tkachuk.
5:05 of 3rd period - Stopped by Dan Cloutier with a rebound.
5:19 of 3rd period - Snap shot by Alexander Steen.
5:19 of 3rd period - Shot Misses the Net.
5:41 of 3rd period - Alexander Edler is hit by Éric Perrin and loses puck.
6:15 of 3rd period - Slapshot by Alexander Edler.
6:15 of 3rd period - Stopped by Dan Cloutier without a rebound.
6:16 of 3rd period - Eric Lindros wins face-off versus Michael Grabner in Bruins zone.
7:07 of 3rd period - Icing by Michal Grosek.
7:08 of 3rd period - Mike Ribeiro wins face-off versus Eric Lindros in Bruins zone.
7:17 of 3rd period - Wrist shot by Wojtek Wolski.
7:17 of 3rd period - Stopped by Josh Tordjman with a rebound.
7:19 of 3rd period - Slapshot by Mark Stuart.
7:19 of 3rd period - Shot Misses the Net.
7:21 of 3rd period - Slapshot by Eric Lindros.
7:21 of 3rd period - Goal by Eric Lindros - Bruins : 4 - Predators : 1.
7:21 of 3rd period - Rick DiPietro enters game.
7:22 of 3rd period - Joe Thornton wins face-off versus Eric Lindros in neutral zone.
7:24 of 3rd period - Minor Penalty to Alexander Ovechkin for Roughing.
7:25 of 3rd period - Eric Lindros wins face-off versus Joe Thornton in Predators zone.
9:24 of 3rd period - Penalty to Alexander Ovechkin is over, Alexander Ovechkin is back on ice.
9:31 of 3rd period - Keith Tkachuk is hit by Victor Oreskovich and loses puck.
10:22 of 3rd period - Andrew Alberts is hit by Alexander Ovechkin.
11:04 of 3rd period - Dave Bolland is hit by Kurtis Foster.
11:20 of 3rd period - Slapshot by Kurtis Foster.
11:20 of 3rd period - Deflect By Jean-Pierre Dumont.
11:20 of 3rd period - Deflect By Mark Stuart.
11:20 of 3rd period - Shot Blocked by Mark Stuart.
11:20 of 3rd period - Puck is out of play.
11:21 of 3rd period - Eric Lindros wins face-off versus Mike Ribeiro in Bruins zone.
11:43 of 3rd period - Ryan O'Byrne is hit by Keith Tkachuk and loses puck.
12:01 of 3rd period - Icing by Jean-Pierre Dumont.
12:02 of 3rd period - Mike Ribeiro wins face-off versus Dave Bolland in Predators zone.
12:09 of 3rd period - Michael Grabner is hit by Matt Cooke.
12:21 of 3rd period - Alexander Ovechkin is hit by Dave Bolland and loses puck.
12:30 of 3rd period - Snap shot by Dave Bolland.
12:30 of 3rd period - Shot Hit the Post.
12:42 of 3rd period - Wrist shot by Joe Thornton.
12:42 of 3rd period - Stopped by Dan Cloutier without a rebound.
12:43 of 3rd period - Rob Niedermayer wins face-off versus Eric Lindros in Bruins zone.
12:51 of 3rd period - Off-side.
12:52 of 3rd period - Rob Niedermayer wins face-off versus Wojtek Wolski in neutral zone.
13:02 of 3rd period - Snap shot by Mikael Samuelsson.
13:02 of 3rd period - Goal by Mikael Samuelsson - Bruins : 4 - Predators : 2.
13:03 of 3rd period - Joe Thornton wins face-off versus Eric Lindros in neutral zone.
13:18 of 3rd period - Wrist shot by Alexander Ovechkin.
13:18 of 3rd period - Stopped by Dan Cloutier with a rebound.
13:20 of 3rd period - Slapshot by Robyn Regehr.
13:20 of 3rd period - Shot Blocked by Andrew Alberts.
13:30 of 3rd period - Wojtek Wolski is hit by Mikael Samuelsson and loses puck.
13:49 of 3rd period - Minor Penalty to Zdeno Chara for Tripping.
13:50 of 3rd period - Mike Ribeiro wins face-off versus Eric Lindros in Bruins zone.
15:20 of 3rd period - Robyn Regehr is hit by Scott Hartnell and loses puck.
15:49 of 3rd period - Penalty to Zdeno Chara is over, Zdeno Chara is back on ice.
16:24 of 3rd period - Mikael Samuelsson is hit by Zdeno Chara and loses puck.
16:52 of 3rd period - Joe Thornton is hit by Mark Stuart and loses puck.
17:45 of 3rd period - Snap shot by Dave Bolland.
17:45 of 3rd period - Shot Blocked by Alexander Edler.
17:47 of 3rd period - Slapshot by Zdeno Chara.
17:47 of 3rd period - Deflect By Dave Bolland.
17:47 of 3rd period - Shot Blocked by Alexander Edler.
17:47 of 3rd period - Puck is out of play.
17:48 of 3rd period - Jeff Carter wins face-off versus Mike Ribeiro in Predators zone.
19:33 of 3rd period - Richard Lintner is hit by Paul Mara and loses puck.
Goals for this period are 1 for Bruins vs 1 for Predators.
Shots for this period are 2 for Bruins vs 6 for Predators.
Output by the SimonT Hockey Simulator (STHS) for François Prévost -- Original Page W3C XHTML 1.0 Valid